 Dungeon Crawl Stone Soup version 0.24.0-125-gc4c63601f3 (webtiles) character file.

Game seed: 16512951800350662119, levelgen mode: deterministic

1846 HawFromDerth the Firebug (level 9, -7/58 HPs)
             Began as a Human Fire Elementalist on Feb 17, 2020.
             Was a Believer of Sif Muna.
             Mangled by a killer bee (8 damage)
             ... on level 7 of the Dungeon.
             The game lasted 00:42:43 (9829 turns).

HawFromDerth the Firebug (Human Fire Elementalist)  Turns: 9829, Time: 00:42:44

Health: -7/58      AC:  5    Str: 11    XL:     9   Next: 34%
Magic:  13/27      EV: 12    Int: 20    God:    Sif Muna [**....]
Gold:   266        SH:  0    Dex: 13    Spells: 14/20 levels left

rFire    + . .     SeeInvis .   c - +0 short sword (vamp)
rCold    x . .     Gourm    .   (no shield)
rNeg     . . .     Faith    .   y - +1 leather armour of the Hidden Vale {Slay+2}
rPois    .         Spirit   .   (no helmet)
rElec    .         Reflect  .   f - scarf {cloud immunity}
rCorr    .         Harm     .   (no gloves)
MR       +....                  v - +0 pair of boots of Puzxavif {MP+9 Str+3}
Stlth    ++........             (no amulet)
HPRegen  0.19/turn              j - ring of fire
MPRegen  0.20/turn              l - ring of protection from magic

@: lethally poisoned (-7 -> -19), marked
A: no striking features
a: Channel Magic, Renounce Religion


You were on level 7 of the Dungeon.
You worshipped Sif Muna.
Sif Muna was pleased with you.
You were not hungry.

You visited 1 branch of the dungeon, and saw 7 of its levels.

You collected 362 gold pieces.
You spent 96 gold pieces at shops.

Inventory:

Hand Weapons
 c - a +0 vampiric short sword (weapon)
Armour
 f - a scarf of cloud immunity (worn)
 q - a +2 robe
 v - the +0 pair of boots of Puzxavif (worn) {MP+9 Str+3}
   (You found it on level 5 of the Dungeon)

   It affects your strength (+3).
   It affects your magic capacity (+9).
 y - the +1 leather armour of the Hidden Vale (worn) {Slay+2}
   (You found it on level 6 of the Dungeon)

   It affects your accuracy and damage with ranged weapons and melee attacks
   (+2).
Jewellery
 j - a ring of fire (left hand)
 l - a ring of protection from magic (right hand)
 n - an uncursed ring of poison resistance {unknown}
 r - a cursed ring of attention {unknown}
Scrolls
 a - 3 scrolls of teleportation
 b - 7 scrolls of identify
 k - 5 scrolls of remove curse
 o - 2 scrolls of blinking
 s - 3 scrolls of enchant weapon
Potions
 d - 2 potions of heal wounds
 e - 2 potions of lignification {unknown}
 g - 3 potions of mutation {unknown}
 h - 3 potions of flight {unknown}
 i - 2 potions of curing
 m - 2 potions of degeneration
 p - a potion of ambrosia {unknown}
 t - a potion of berserk rage {unknown}
Comestibles
 w - 3 rations


   Skills:
 + Level 0.8 Fighting
 + Level 0.3 Short Blades
 + Level 1.5 Armour
 + Level 2.9 Dodging
 + Level 3.5 Stealth
 * Level 6.3 Spellcasting
 + Level 4.5 Conjurations
 * Level 7.4 Fire Magic
 + Level 1.3 Invocations


You had 14 spell levels left.
You knew the following spells:

 Your Spells              Type           Power        Failure   Level  Hunger
a - Flame Tongue          Conj/Fire      #####        1%          1    None
b - Conjure Flame         Conj/Fire      #####...     3%          3    ##.....
c - Throw Flame           Conj/Fire      #####.       1%          2    None

Your spell library contained the following spells:

 Spells                   Type           Power        Failure   Level  Hunger
 Inner Flame              Hex/Fire       ####....     9%          3    ##.....
 Sticky Flame             Conj/Fire      #####...     11%         4    ####...
 Fireball                 Conj/Fire      #####.....   30%         5    #####..


Dungeon Overview and Level Annotations

Branches:
Dungeon (7/15)             Temple (0/1) D:6

Altars:
Okawaru
Sif Muna
Trog
Yredelemnul

Shops:
D:4 [(!=   D:5 *


Message History

You are more poisoned.
The killer bee poisons you! The killer bee barely misses you.
The killer bee closely misses you. The worker ant misses you.
The killer bee stings you!
* * * LOW HITPOINT WARNING * * *
A scorpion comes into view.
You feel better. The killer bee barely misses you. The killer bee stings you!
* * * LOW HITPOINT WARNING * * *
The phantom blinks!
The worker ant barely misses you. The killer bee misses you.
The killer bee closely misses you.
You feel better. The killer bee closely misses you. The killer bee stings you.
* * * LOW HITPOINT WARNING * * *
You are poisoned.
The killer bee poisons you!
A leopard gecko comes into view.
The worker ant barely misses you. The killer bee stings you.
* * * LOW HITPOINT WARNING * * *
You are more poisoned.
The killer bee poisons you! The killer bee stings you!
You die...

... #†# #.#
#.########.#
#..........######
########WW...s..#
#yy...##.#
#yal.## #@#.##
#y#.# #<#..
#.#W## #....
###.# .# #


You could see a phantom, a hungry ghost, a scorpion, a worker ant, 4 killer bees
and a leopard gecko.

Vanquished Creatures
  Eustachio (D:6)
  An ice beast (D:6)
  2 sky beasts (D:5)
  A phantom (D:4)
  An ogre (D:6)
  A centaur (D:6)
  A big kobold (D:4)
  3 scorpions
  4 killer bees (D:7)
  A howler monkey (D:5)
  A crimson imp (D:5)
  4 hounds
  A jelly (D:6)
  A centaur zombie (D:5)
  3 orc wizards
  A centaur skeleton (D:6)
  2 worker ants (D:4)
  3 hound skeletons
  Robin (D:2)
  2 worker ant zombies
  5 gnolls
  7 adders
  2 shadow imps (D:6)
  An ooze (D:2)
  2 adder skeletons
  4 adder zombies
  2 worms
  A dart slug (D:5)
  3 leopard geckos
  11 orcs
  4 ball pythons
  6 giant cockroaches
  2 gnoll zombies (D:2)
  12 goblins
  14 hobgoblins
  13 jackals
  10 kobolds
  4 quokkas
  11 bats
  3 frilled lizards
  A leopard gecko skeleton (D:6)
  A quokka zombie (D:3)
  2 rats
156 creatures vanquished.

Notes
Turn   | Place    | Note
-------+----------+-------------------------------------------
     0 | D:1      | HawFromDerth the Human Fire Elementalist began the quest
                  | for the Orb.
     0 | D:1      | Reached XP level 1. HP: 13/13 MP: 3/3
   181 | D:1      | Reached XP level 2. HP: 19/19 MP: 1/5
   805 | D:1      | Reached XP level 3. HP: 24/24 MP: 2/6
   849 | D:1      | Learned a level 3 spell: Conjure Flame
   918 | D:1      | Learned a level 2 spell: Throw Flame
  1856 | D:2      | Reached XP level 4. HP: 20/30 MP: 0/7
  2489 | D:2      | Noticed Robin
  2716 | D:2      | Found a shimmering blue altar of Sif Muna.
  2722 | D:2      | Became a worshipper of Sif Muna the Loreminder
  2939 | D:2      | Found a basalt altar of Yredelemnul.
  3275 | D:2      | Killed Robin
  3275 | D:2      | Reached XP level 5. HP: 30/35 MP: 0/9
  3456 | D:2      | Reached skill level 4 in Fire Magic
  4078 | D:3      | Found a glowing drain.
  4457 | D:3      | Reached XP level 6. HP: 41/41 MP: 7/10
  4880 | D:3      | Found an iron altar of Okawaru.
  5120 | D:4      | Found a bloodstained altar of Trog.
  5141 | D:4      | Reached * piety under Sif Muna
  5261 | D:4      | Found Lain's Antique Armour Emporium.
  5262 | D:4      | Found Imami's Distillery.
  5265 | D:4      | Found Riechesa's Weapon Emporium.
  5265 | D:4      | Found Wikaq's Jewellery Emporium.
  5304 | D:4      | Bought a runed robe for 96 gold pieces
  5341 | D:4      | Noticed a phantom
  5356 | D:4      | Killed a phantom
  5487 | D:4      | Reached XP level 7. HP: 47/47 MP: 3/12
  5734 | D:4      | Reached skill level 5 in Fire Magic
  6834 | D:5      | Entered Level 5 of the Dungeon
  7034 | D:5      | Found Coheygad's Assorted Antiques.
  7062 | D:5      | Got a pair of steaming boots
  7074 | D:5      | Identified the +0 pair of boots of Puzxavif {MP+9 Str+3}
                  | (You found it on level 5 of the Dungeon)
  7307 | D:5      | Reached XP level 8. HP: 51/53 MP: 15/15
  7778 | D:5      | Reached skill level 6 in Fire Magic
  7818 | D:5      | Reached skill level 5 in Spellcasting
  8664 | D:6      | Got an agate-encrusted leather armour
  8675 | D:6      | Identified the cursed +1 leather armour of the Hidden Vale
                  | {Slay+2} (You found it on level 6 of the Dungeon)
  8796 | D:6      | Reached ** piety under Sif Muna
  9097 | D:6      | Reached XP level 9. HP: 58/58 MP: 13/17
  9190 | D:6      | Noticed Eustachio
  9207 | D:6      | Killed Eustachio
  9207 | D:6      | Reached skill level 7 in Fire Magic
  9593 | D:6      | Found a staircase to the Ecumenical Temple.
  9814 | D:7      | Reached skill level 1 in Invocations
  9817 | D:7      | Reached skill level 1 in Armour
  9829 | D:7      | HP: 1/58 [killer bee (5)]
  9829 | D:7      | Mangled by a killer bee

Levels and vault maps discovered:
D:1:      eino_arrival_tree_alley, layout_basic, minmay_pentomino_x2
D:2:      layout_loops_ring, led_sif_pool, lemuel_zombie_altar_yredelemnul,
          first_ration, uniq_robin
D:3:      layout_rooms, serial_undead, serial_undead_d, serial_undead_f,
          serial_undead_d, serial_undead_c, portal_sewer_entry_e,
          okawaru_gym_becter
D:4:      cheibrodos_thug_alley, layout_basic, kennysheep_mini_moat,
          minmay_shop_grid_forest, hex_medium
D:5:      layout_loops_corners, serial_shops, shop, minmay_misc_feat_doors
D:6:      layout_basic, minmay_temple_entry_nine_rooms, uniq_eustachio
D:7:      layout_loops_corners, eat_drink_and_be_merry_uskayaw

Skill      XL: |  1  2  3  4  5  6  7  8  9 |
---------------+----------------------------+-----
Spellcasting   | 3 4 5 6 |  6.3
Conjurations   | 2 3 4 |  4.5
Fire Magic     | 4 5 6 7 |  7.4
Stealth        | 3 |  3.5
Invocations    | 1 |  1.3
Armour         | 1 |  1.5
Fighting       | |  0.8
Short Blades   | |  0.3
Dodging        | |  2.9

Action                   |  1- 3 |  4- 6 |  7- 9 || total
-------------------------+-------+-------+-------++-------
Melee: Short sword       |       |       |    27 ||    27
 Cast: Flame Tongue      |    43 |   127 |   171 ||   341
       Throw Flame       |     2 |    31 |    34 ||    67
       Conjure Flame     |     2 |     3 |     3 ||     8
Invok: Channel Magic     |       |       |     1 ||     1
  Use: Scroll            |       |     8 |     3 ||    11
       Potion            |       |     4 |     2 ||     6
  Eat: Ration            |     2 |     4 |     2 ||     8
       Chunk             |       |       |     4 ||     4
Armor: Robe              |    12 |    18 |    18 ||    48
       Leather armour    |       |       |     8 ||     8
Dodge: Dodged            |    19 |    56 |    76 ||   151
